Map: Avalon Labs

Players

Linja

  • Race: Protoss Protoss
  • League: Gold

Stitchi

  • Race: Terran Terran
  • League: Gold

TyberZann

  • Race: Zerg Zerg
  • League: Gold

JohnMcClane

  • Race: Protoss Protoss
  • League: Silver

JackONeill

  • Race: Zerg Zerg

Hindulaatti

  • Race: Zerg Zerg
  • League: Diamond

VOD

Have the link to the VOD?

Description

Time

  • Played on: Jan. 19, 2016, 1:43 p.m.
  • Length: 14:33
Show
View Real Time Build Order
Export as new Build Order

Linja Protoss 

Build Orders: Nexus First, Phoenix Opening 

Get SALT Encoding   

  12  0:00  Probe (Chrono Boost)  
  13  0:11  Probe (Chrono Boost)  
  14  0:18  Pylon  
  14  0:22  Probe (Chrono Boost)  
  15  0:36  Probe (Chrono Boost)  
  16  0:47  Probe (Chrono Boost)  
  17  0:58  Nexus  
  17  1:00  Probe (Chrono Boost)  
  18  1:11  Gateway  
  18  1:16  Assimilator  
  18  1:21  Assimilator  
  18  1:24  Probe (Chrono Boost)  
  19  1:35  Probe (Chrono Boost)  
  20  1:45  Probe (Chrono Boost)  
  21  1:47  Pylon  
  21  1:56  Probe (Chrono Boost)  
  21  1:59  Cybernetics Core  
  22  2:06  Probe (Chrono Boost)  
  23  2:10  Probe (Chrono Boost)  
  24  2:15  Pylon  
  24  2:17  Probe (Chrono Boost)  
  24  2:21  Probe (Chrono Boost)  
  26  2:27  Probe (Chrono Boost)  
  26  2:29  Assimilator  
  27  2:31  Probe (Chrono Boost)  
  28  2:38  Probe (Chrono Boost)  
  28  2:42  Probe (Chrono Boost)  
  30  2:48  Stargate  
  30  2:49  Probe (Chrono Boost)  
  31  2:53  Stargate  
  31  2:54  Probe (Chrono Boost)  
  32  3:00  Mothership Core (Chrono Boost)  
  32  3:05  Probe (Chrono Boost)  
  35  3:11  Pylon  
  35  3:15  Probe (Chrono Boost)  
  36  3:26  Probe (Chrono Boost)  
  36  3:27  Probe (Chrono Boost)  
  36  3:31  Phoenix (Chrono Boost)  
  40  3:36  Phoenix (Chrono Boost)  
  40  3:39  Probe  
  40  3:40  Probe  
  44  3:52  Probe  
  44  3:55  Assimilator, Pylon  
  45  3:57  Phoenix (Chrono Boost)  
  45  3:58  Phoenix (Chrono Boost)  
  45  4:02  Probe  
  50  4:04  Probe  
  51  4:19  Phoenix (Chrono Boost)  
  51  4:20  Phoenix (Chrono Boost)  
  55  4:27  Probe  
  55  4:28  Probe  
  55  4:29  Nexus  
  57  4:32  Pylon  
  57  4:41  Phoenix (Chrono Boost)  
  57  4:42  Phoenix (Chrono Boost)  
  61  4:47  Pylon  
  61  4:51  Assimilator  
  61  4:52  Probe x2  
  63  5:04  Probe x2  
  65  5:09  Forge  
  65  5:16  Probe x2  
  65  5:17  Pylon  
  65  5:20  Stargate  
  67  5:28  Probe x2  
  69  5:40  Probe x2  
  71  5:51  Photon Cannon  
  71  5:54  Photon Cannon  
  71  5:56  Protoss Air Weapons Level 1 (Chrono Boost), Photon Cannon  
  71  6:00  Cybernetics Core  
  71  6:02  Pylon, Probe x2  
  71  6:03  Pylon  
  71  6:41  Photon Cannon  
  71  6:45  Warp Gate (Chrono Boost), Photon Cannon  
  71  6:50  Void Ray x2  
  71  6:51  Void Ray  
  83  7:19  Probe  
  83  7:20  Probe x2  
  86  7:28  Photon Cannon  
  86  7:29  Probe  
  86  7:31  Photon Cannon  
  86  7:32  Probe x2  
  86  7:33  Assimilator  
  89  7:40  Stargate, Probe  
  89  7:41  Fleet Beacon  
  89  7:42  Protoss Shields Level 1  
  89  7:44  Stargate, Probe x2  
  90  7:50  Probe  
  92  7:55  Phoenix x3  
  92  7:56  Probe x2  
  101  8:26  Protoss Air Armor Level 1 (Chrono Boost)  
  101  8:31  Void Ray  
  109  8:34  Tempest  
  109  8:35  Tempest x2  
  117  9:12  Tempest (Chrono Boost)  
  123  9:18  Phoenix (Chrono Boost)  
  123  9:21  Phoenix (Chrono Boost)  
  125  9:26  Pylon  
  125  9:27  Pylon  
  125  9:28  Pylon  
  125  9:30  Pylon  
  125  9:32  Nexus  
  125  9:34  Assimilator  
  125  9:35  Assimilator, Protoss Air Weapons Level 2  
  125  9:37  Pylon  
  125  9:38  Pylon  
  125  9:40  Pylon x2  
  125  9:44  Phoenix x2 (Chrono Boost)  
  113  10:43  Tempest (Chrono Boost)  
  113  10:44  Carrier x2 (Chrono Boost)  
  113  10:49  Graviton Catapult  
  131  10:55  Carrier (Chrono Boost)  
  137  11:11  Carrier (Chrono Boost)  
  137  11:17  Protoss Air Armor Level 2 (Chrono Boost)  
  137  11:30  Photon Cannon  
  137  11:31  Photon Cannon  
  137  11:34  Photon Cannon x2  
  137  11:35  Gateway  
  137  11:36  Photon Cannon  
  137  11:38  Gateway  
  137  11:39  Photon Cannon  
  137  11:40  Gateway  
  137  11:42  Gateway  
  137  11:44  Gateway  
  137  11:46  Pylon, Gateway  
  137  11:49  Pylon  
  129  12:10  Carrier (Chrono Boost)  
  129  12:12  Carrier x2 (Chrono Boost)  
  147  12:38  Gateway  
  147  12:40  Gateway x2  
  147  12:42  Gateway  
  147  12:44  Gateway  
  147  12:46  Gateway  
  147  12:47  Twilight Council  
  147  12:50  Gateway  
  147  12:54  Gateway  
  147  13:29  Nexus  
  147  13:33  Assimilator  
  147  13:36  Assimilator  
  147  13:39  Templar Archives  
  147  13:40  Pylon  
  147  13:43  Pylon  
Show
View Real Time Build Order
Export as new Build Order

Stitchi Terran 

Build Orders: Hellion Opening, Mech 

Get SALT Encoding   

  12  0:01  SCV  
  13  0:13  SCV  
  14  0:17  Supply Depot  
  14  0:25  SCV  
  15  0:29  Refinery  
  15  0:39  SCV  
  16  0:45  Barracks  
  16  0:51  SCV  
  17  1:03  SCV  
  18  1:15  SCV  
  19  1:27  SCV  
  20  1:35  Factory  
  20  1:40  Orbital Command  
  20  1:44  Supply Depot  
  20  1:49  Barracks Reactor  
  20  2:03  Supply Depot  
  20  2:08  SCV  
  21  2:12  Refinery  
  21  2:20  SCV  
  22  2:29  Factory  
  22  2:32  SCV, Hellion  
  22  2:33  Hellion  
  27  2:41  Barracks Tech Lab  
  28  2:44  SCV  
  28  2:56  SCV, Hellion x2  
  33  3:08  SCV  
  33  3:12  Barracks Reactor  
  34  3:19  Command Center  
  34  3:21  Hellion  
  36  3:27  Infernal Pre-Igniter  
  36  3:34  Hellion  
  40  3:41  Hellion  
  40  3:43  SCV  
  45  4:24  Hellion x3  
  47  4:43  Command Center  
  51  4:45  Hellion  
  51  4:46  Hellion  
  51  4:51  Factory  
  51  4:55  SCV  
  51  4:56  Armory  
  52  5:07  SCV  
  52  5:09  Orbital Command  
  53  5:19  SCV  
  53  5:20  Hellion  
  56  5:29  Barracks Tech Lab  
  56  5:31  SCV  
  56  5:35  SCV  
  58  5:43  SCV  
  58  5:45  Hellion  
  58  5:47  SCV  
  62  5:54  Hellion  
  62  5:55  SCV  
  62  5:56  Supply Depot  
  65  5:57  Orbital Command, Supply Depot  
  65  6:02  Armory  
  65  6:05  Siege Tank  
  68  6:15  Hellion  
  68  6:38  Siege Tank  
  69  6:46  SCV x2  
  67  6:56  Hellion x3  
  67  6:59  SCV x3  
  76  7:10  Siege Tank  
  76  7:11  SCV x3  
  82  7:16  Factory  
  82  7:18  Factory  
  82  7:23  SCV  
  82  7:24  Refinery, SCV x2  
  82  7:26  Refinery  
  85  7:35  SCV  
  85  7:36  SCV  
  87  7:37  Hellion x2  
  87  7:38  Hellion  
  87  7:39  Hellion  
  95  7:46  Terran Vehicle And Ship Armor Level 1, Terran Vehicle Weapons Level 1  
  95  7:48  SCV  
  96  7:56  Supply Depot  
  84  8:07  Supply Depot  
  74  8:30  Factory Tech Lab x2  
  74  8:32  Hellion x3  
  74  8:33  Hellion  
  82  8:39  Siege Tank  
  85  8:47  SCV  
  86  8:55  Orbital Command  
  86  8:57  Hellion x2  
  86  8:58  Siege Tank x2, Hellion  
  86  8:59  SCV  
  99  9:11  SCV  
  99  9:16  Siege Tank  
  101  9:19  Hellbat x2  
  101  9:23  SCV  
  106  9:26  Hellion x2  
  106  9:30  Siege Tank x2  
  117  9:31  SCV  
  117  9:37  Refinery x2  
  117  9:42  SCV x2  
  117  9:43  Supply Depot, SCV  
  117  9:45  Supply Depot x2  
  120  9:47  Supply Depot, Terran Vehicle Weapons Level 2  
  120  9:48  Terran Vehicle And Ship Armor Level 2  
  120  9:54  Supply Depot, Siege Tank, SCV  
  120  9:55  SCV  
  120  9:56  Supply Depot  
  125  10:05  SCV, Hellion  
  125  10:07  SCV x2  
  108  10:17  SCV  
  92  10:36  Siege Tank x3  
  92  10:37  Hellion  
  92  10:38  Hellion x3  
  109  10:59  Hellion x3  
  109  11:01  Hellion  
  117  11:08  Siege Tank  
  120  11:22  Hellbat x3  
  120  11:23  Siege Tank x2, Hellbat  
  134  11:32  Command Center  
  112  12:08  Hellbat  
  112  12:09  Siege Tank x2, Hellbat x2  
  112  12:10  Siege Tank  
  125  12:33  Hellbat x2  
  123  12:41  Siege Tank  
  123  12:42  Siege Tank  
  123  12:45  Siege Tank, Hellion x2  
  116  13:01  Hellion x2  
  120  13:13  Siege Tank  
  120  13:14  Siege Tank  
  120  13:17  Siege Tank  
  129  13:20  Engineering Bay  
  129  13:26  SCV x3  
  132  13:30  Hellbat x2  
  132  13:31  Hellbat x2  
  140  13:46  Siege Tank x2  
  146  14:07  Hellbat x2  
  146  14:08  Hellbat x2  
Show
View Real Time Build Order
Export as new Build Order

TyberZann Zerg 

Build Orders: Hatch First 

Get SALT Encoding   

  12  0:01  Drone  
  13  0:09  Drone  
  14  0:17  Overlord  
  14  0:36  Drone x2  
  14  0:37  Drone  
  17  0:55  Hatchery  
  16  0:57  Drone  
  17  1:08  Extractor  
  17  1:09  Drone  
  17  1:17  Spawning Pool  
  16  1:19  Drone  
  17  1:27  Drone  
  18  1:36  Overlord  
  18  1:47  Overlord  
  18  2:03  Queen  
  18  2:06  Drone x2, Queen  
  24  2:12  Metabolic Boost  
  24  2:22  Overlord  
  24  2:29  Drone  
  25  2:30  Drone  
  25  2:31  Drone  
  25  2:36  Extractor  
  26  2:38  Drone  
  26  2:40  Drone  
  28  2:55  Drone x3  
  31  2:59  Spore Crawler  
  31  3:04  Drone  
  31  3:15  Drone x2  
  31  3:16  Drone x4  
  37  3:23  Lair  
  37  3:27  Extractor  
  36  3:35  Zergling x4  
  36  3:36  Zergling x2  
  39  3:53  Drone  
  39  3:54  Drone x3  
  43  3:58  Overlord  
  43  4:04  Zergling x2  
  43  4:07  Overlord  
  43  4:09  Overlord  
  44  4:18  Hatchery  
  43  4:26  Drone x4  
  43  4:27  Drone  
  43  4:28  Drone x2, Roach Warren  
  49  4:45  Evolution Chamber  
  49  4:46  Drone x3  
  51  4:56  Overlord x2  
  51  5:01  Drone x2  
  51  5:02  Extractor  
  52  5:08  Roach x4  
  52  5:09  Roach x3  
  66  5:14  Zerg Ground Armor Level 1  
  66  5:20  Overlord  
  66  5:21  Overlord  
  66  5:26  Roach  
  68  5:29  Drone  
  69  5:36  Roach x5  
  69  5:40  Roach  
  81  5:51  Overseer  
  81  5:57  Overseer  
  81  6:00  Roach x2  
  81  6:01  Roach x4  
  93  6:06  Drone, Queen  
  93  6:07  Drone  
  96  6:18  Glial Reconstitution  
  95  6:31  Spore Crawler  
  91  6:39  Drone x4  
  94  6:40  Drone x5  
  97  6:55  Spine Crawler  
  95  7:04  Drone x3  
  98  7:21  Overlord  
  98  7:22  Overlord x3  
  98  7:27  Zerg Missile Weapons Level 1  
  98  7:28  Infestation Pit  
  97  7:39  Overlord x4  
  95  7:57  Roach x2  
  95  7:58  Roach x6  
  100  7:59  Roach  
  100  8:10  Roach  
  100  8:11  Roach x4  
  92  8:22  Roach  
  92  8:23  Roach  
  94  8:31  Hydralisk Den  
  93  8:48  Hive  
  93  9:01  Hydralisk  
  93  9:02  Hydralisk x5, Muscular Augments  
  99  9:04  Hatchery  
  104  9:21  Zerg Ground Armor Level 2  
  104  9:23  Overseer x2  
  104  9:31  Hydralisk x5  
  104  9:35  Roach x4  
  122  9:42  Hatchery  
  91  10:14  Hydralisk x2  
  91  10:15  Hydralisk x3, Roach x4  
  91  10:16  Roach x2  
  79  10:32  Hydralisk  
  79  10:33  Roach x2  
  85  11:03  Drone x3  
  85  11:04  Drone x2, Queen  
  92  11:19  Hydralisk x2  
  92  11:20  Hydralisk, Roach x3  
  104  11:33  Ultralisk Cavern  
  104  11:37  Zerg Melee Weapons Level 1  
  100  11:48  Zergling x10  
  77  12:00  Spine Crawler  
  62  12:02  Spine Crawler  
  62  12:03  Spine Crawler  
  62  12:08  Drone x5  
  65  12:17  Hydralisk x2  
  65  12:18  Hydralisk x2, Roach x3  
  65  12:19  Roach x2  
  83  12:31  Ultralisk  
  83  12:34  Chitinous Plating  
  89  12:41  Drone  
  85  13:05  Ultralisk  
  85  13:06  Ultralisk  
  91  13:20  Hatchery  
  90  13:36  Drone, Spore Crawler  
  90  13:37  Drone  
  91  13:50  Overseer  
Show
View Real Time Build Order
Export as new Build Order

JohnMcClane Protoss 

Build Orders: 1 Gate Expand 

Get SALT Encoding   

  12  0:01  Probe (Chrono Boost)  
  13  0:13  Pylon  
  13  0:18  Probe (Chrono Boost)  
  14  0:28  Probe (Chrono Boost)  
  15  0:33  Gateway  
  15  0:39  Probe (Chrono Boost)  
  16  0:52  Probe (Chrono Boost)  
  17  1:02  Probe (Chrono Boost)  
  18  1:14  Nexus  
  18  1:23  Cybernetics Core  
  18  1:26  Probe (Chrono Boost)  
  18  1:32  Assimilator  
  19  1:37  Probe (Chrono Boost)  
  20  1:40  Assimilator  
  20  1:47  Probe (Chrono Boost)  
  21  2:02  Probe (Chrono Boost)  
  21  2:03  Pylon  
  21  2:07  Pylon  
  22  2:11  Warp Gate  
  22  2:17  Probe (Chrono Boost)  
  23  2:27  Probe (Chrono Boost)  
  23  2:28  Probe (Chrono Boost)  
  25  2:32  Gateway  
  25  2:39  Mothership Core (Chrono Boost)  
  27  2:45  Probe (Chrono Boost)  
  27  2:50  Forge  
  28  2:55  Probe (Chrono Boost)  
  28  2:57  Probe (Chrono Boost)  
  30  3:14  Pylon  
  30  3:15  Pylon, Probe (Chrono Boost)  
  30  3:16  Probe (Chrono Boost)  
  32  3:26  Robotics Facility  
  32  3:32  Probe (Chrono Boost)  
  33  3:37  Probe (Chrono Boost)  
  33  3:40  Photon Cannon  
  34  3:41  Assimilator  
  34  3:44  Photon Cannon  
  35  3:55  Gateway, Probe (Chrono Boost)  
  35  4:02  Probe (Chrono Boost)  
  36  4:17  Gateway  
  36  4:18  Gateway  
  36  4:21  Sentry x2  
  40  4:39  Photon Cannon  
  40  4:42  Pylon, Probe x2 (Chrono Boost)  
  40  4:45  Photon Cannon  
  42  4:48  Warp Prism  
  42  4:52  Protoss Ground Weapons Level 1 (Chrono Boost)  
  44  4:53  Probe (Chrono Boost)  
  44  4:57  Probe (Chrono Boost)  
  46  5:03  Stalker  
  46  5:04  Stalker  
  50  5:16  Probe x2 (Chrono Boost)  
  50  5:20  Zealot x2  
  50  5:21  Zealot  
  58  5:25  Probe (Chrono Boost)  
  58  5:27  Assimilator  
  59  5:32  Photon Cannon  
  59  5:45  Twilight Council  
  59  5:47  Observer  
  59  5:49  Pylon x2  
  60  5:52  Zealot x3  
  60  5:53  Zealot  
  68  6:19  Zealot x3  
  68  6:20  Zealot  
  62  6:49  Zealot x5  
  70  7:07  Probe  
  66  7:13  Blink (Chrono Boost), Protoss Ground Armor Level 1 (Chrono Boost)  
  66  7:15  Stalker x3  
  63  7:16  Stalker  
  67  7:30  Gateway  
  67  7:31  Warp Prism  
  67  7:32  Gateway  
  67  7:33  Stalker  
  67  7:34  Pylon  
  67  7:35  Pylon  
  63  8:24  Nexus  
  63  8:26  Pylon  
  63  8:28  Assimilator  
  63  8:32  Assimilator  
  63  8:34  Forge  
  63  8:38  Gateway  
  63  8:39  Gateway  
  63  8:43  Stalker x6  
  63  8:44  Stalker  
  77  8:57  Photon Cannon  
  77  8:59  Probe x2, Photon Cannon  
  79  9:15  Stalker x5  
  89  9:22  Pylon  
  89  9:38  Stalker  
  89  9:39  Stalker  
  70  10:13  Stalker x5  
  70  10:14  Stalker  
  54  10:29  Templar Archives  
  54  10:34  Stalker  
  48  10:39  Stalker x3  
  54  10:45  Protoss Ground Weapons Level 2 (Chrono Boost)  
  54  10:58  Stalker x2  
  54  10:59  Stalker  
  58  11:07  High Templar x6  
  58  11:11  Archon x2  
  70  11:12  Archon  
  70  11:14  Protoss Ground Armor Level 2 (Chrono Boost)  
  70  11:22  High Templar x3  
  76  11:30  Archon  
  76  11:38  Stalker x2  
  80  11:40  High Templar  
  80  11:41  Stalker x3  
  80  11:45  Archon  
  72  12:02  Observer  
  72  12:03  Stalker x2  
  72  12:04  High Templar x3, Stalker x2  
  81  12:09  Archon  
  81  12:13  Stalker x2  
  83  12:24  Observer  
  46  12:52  Stalker x7  
  46  12:53  Stalker x2  
  58  13:15  Stalker x3  
  58  13:16  Stalker x2  
  68  13:33  Warp Prism  
  70  13:37  High Templar x2  
  70  13:38  High Templar x2  
  78  13:43  Archon x2  
  62  14:07  Stalker x6  
Show
View Real Time Build Order
Export as new Build Order

JackONeill Zerg 

Build Orders: Hatch First, Lurkers 

Get SALT Encoding   

  12  0:01  Drone  
  13  0:08  Drone  
  14  0:17  Overlord  
  14  0:23  Extractor  
  14  0:24  Drone  
  15  0:36  Drone x2  
  17  0:53  Hatchery  
  16  0:57  Drone  
  17  1:09  Spawning Pool  
  16  1:12  Drone  
  16  1:17  Drone  
  18  1:20  Drone  
  19  1:30  Drone  
  19  1:31  Extractor  
  19  1:47  Drone, Hatchery  
  19  1:56  Queen  
  21  2:02  Drone  
  21  2:05  Drone  
  21  2:08  Drone  
  24  2:14  Overlord  
  24  2:18  Drone  
  24  2:21  Drone  
  26  2:29  Queen  
  28  2:35  Metabolic Boost  
  28  2:38  Drone  
  29  2:45  Drone x3  
  29  2:50  Overlord  
  32  2:53  Drone  
  33  3:00  Drone x2  
  33  3:05  Drone  
  36  3:09  Queen  
  38  3:13  Queen  
  38  3:18  Overlord  
  40  3:23  Queen  
  42  3:28  Overlord  
  42  3:33  Overlord  
  42  3:42  Spine Crawler  
  42  3:43  Drone x2  
  42  3:44  Drone  
  44  3:50  Drone x4  
  48  3:56  Lair  
  48  4:00  Spine Crawler  
  45  4:11  Queen  
  45  4:14  Drone x4  
  45  4:15  Drone x2  
  52  4:22  Drone x3  
  55  4:29  Extractor  
  54  4:31  Roach Warren  
  54  4:35  Spore Crawler  
  54  4:36  Overlord x2  
  54  4:37  Overlord  
  52  4:45  Spore Crawler  
  51  4:48  Spine Crawler  
  51  4:49  Spore Crawler  
  51  4:50  Drone x2  
  51  4:56  Drone x3, Spore Crawler  
  53  5:08  Hydralisk Den  
  53  5:09  Extractor  
  53  5:11  Drone x2, Extractor  
  53  5:13  Extractor  
  51  5:14  Overlord x3  
  51  5:15  Extractor  
  51  5:17  Drone  
  51  5:18  Drone  
  51  5:19  Spore Crawler  
  51  5:35  Drone x2  
  53  5:40  Muscular Augments  
  53  5:42  Glial Reconstitution  
  53  5:49  Evolution Chamber, Drone  
  54  5:50  Drone x2  
  54  5:51  Evolution Chamber  
  54  5:53  Roach x3  
  54  5:54  Roach x3  
  54  5:55  Roach  
  68  6:04  Spine Crawler  
  67  6:06  Drone x2  
  67  6:07  Drone  
  67  6:09  Drone x3  
  73  6:18  Zerg Ground Armor Level 1, Baneling Nest  
  72  6:26  Drone x2  
  72  6:32  Hydralisk x3  
  78  6:43  Drone  
  79  6:51  Overlord x4, Roach x3  
  85  6:56  Zerg Missile Weapons Level 1  
  85  7:03  Drone x2, Infestation Pit  
  85  7:04  Drone x2  
  88  7:10  Hydralisk x2  
  92  7:28  Roach x2  
  92  7:29  Roach x6  
  108  7:40  Lurker Den  
  108  7:57  Hydralisk x6  
  108  7:58  Hydralisk x2  
  118  8:10  Drone x3  
  111  8:19  Zerg Ground Armor Level 2  
  107  8:24  Extractor  
  107  8:25  Hatchery  
  105  8:34  Drone x2  
  105  8:35  Drone x2  
  105  8:40  Roach x2  
  105  8:41  Roach x6  
  125  8:52  Spire  
  125  8:55  Hive  
  124  8:58  Drone x2  
  124  8:59  Drone  
  127  9:05  Hydralisk  
  127  9:07  Overlord x3  
  129  9:23  Drone  
  130  9:24  Overlord x2  
  130  9:26  Drone x2  
  130  9:27  Drone x5  
  130  9:28  Drone x2  
  139  9:40  Lurker x4  
  139  9:41  Lurker  
  139  9:42  Lurker  
  145  9:46  Drone  
  145  9:47  Drone x3  
  145  9:48  Spore Crawler  
  145  9:50  Queen, Extractor  
  145  9:52  Drone x3  
  152  9:53  Drone  
  152  9:54  Drone  
  137  10:16  Hydralisk x5  
  137  10:17  Hydralisk x5  
  108  10:33  Corruptor x4  
  116  10:44  Zergling x6  
  116  10:45  Zergling x10  
  124  10:57  Roach x4  
  132  11:05  Corruptor x3  
  132  11:09  Corruptor  
  140  11:22  Corruptor x4  
  148  11:36  Hydralisk x3  
  148  11:37  Hydralisk x3  
  148  11:38  Zergling x2  
  148  11:39  Zergling x12  
  149  11:51  Roach x3  
  149  11:52  Roach  
  133  12:05  Hydralisk x3  
  135  12:12  Corruptor x2  
  135  12:13  Corruptor x2  
  143  12:20  Corruptor  
  143  12:22  Overlord x3  
  145  12:28  Zerg Flyer Weapons Level 1  
  106  12:57  Corruptor x4  
  106  12:58  Corruptor x3  
  110  13:06  Corruptor  
  110  13:08  Zergling x8  
  110  13:09  Zergling x12  
  110  13:10  Zergling x6  
  125  13:19  Overlord x2  
  125  13:24  Hydralisk  
  125  13:25  Hydralisk x2  
  131  13:35  Corruptor  
  131  13:36  Corruptor  
  131  13:37  Zergling x4  
  137  13:47  Corruptor x2  
Show
View Real Time Build Order
Export as new Build Order

Hindulaatti Zerg 

Build Orders: Hatch First, Lurkers 

Get SALT Encoding   

  12  0:00  Drone  
  13  0:09  Drone  
  14  0:22  Drone, Extractor  
  15  0:41  Hatchery  
  14  0:47  Drone, Extractor  
  14  0:48  Extractor  
  13  0:50  Drone  
  13  0:55  Overlord  
  16  1:13  Drone x2  
  18  1:22  Spawning Pool  
  18  1:24  Drone  
  18  1:30  Extractor  
  18  1:31  Drone  
  18  1:43  Drone  
  19  1:55  Drone  
  19  1:56  Drone  
  21  2:03  Drone  
  21  2:06  Drone  
  23  2:09  Queen  
  23  2:10  Queen  
  23  2:14  Zergling x2  
  28  2:17  Overlord  
  28  2:30  Metabolic Boost  
  28  2:35  Drone  
  28  2:36  Drone x2, Extractor  
  30  2:40  Zergling x2  
  31  2:45  Queen  
  33  2:53  Zergling x4  
  33  2:56  Overlord  
  34  3:11  Spine Crawler  
  33  3:19  Drone  
  34  3:20  Drone x4  
  34  3:21  Overlord  
  34  3:22  Drone  
  39  3:32  Lair  
  39  3:36  Extractor  
  39  3:40  Extractor  
  37  3:50  Drone x4  
  37  3:51  Drone x2  
  44  3:55  Drone  
  44  3:56  Drone x2  
  46  4:08  Drone x4  
  50  4:23  Drone  
  49  4:31  Hydralisk Den  
  49  4:37  Roach Warren  
  47  4:48  Drone x4  
  47  4:51  Spore Crawler  
  47  4:52  Spore Crawler  
  49  5:14  Overlord x3  
  49  5:18  Overseer  
  49  5:25  Overlord x2, Muscular Augments  
  49  5:35  Glial Reconstitution  
  49  5:39  Roach x3  
  49  5:40  Roach x6  
  66  5:50  Drone x2  
  66  5:53  Hydralisk x3  
  74  6:06  Hydralisk x4  
  73  6:20  Queen  
  75  6:30  Drone x4  
  75  6:32  Hydralisk  
  75  6:37  Overlord x5  
  75  6:41  Spore Crawler  
  74  6:54  Overlord x3  
  74  6:57  Queen  
  76  7:17  Roach  
  76  7:18  Roach x5  
  88  7:46  Roach x6  
  100  8:07  Hydralisk  
  100  8:08  Hydralisk x3  
  106  8:14  Evolution Chamber  
  106  8:16  Evolution Chamber  
  100  8:30  Drone x5  
  105  8:39  Lurker Den  
  105  8:41  Zerg Ground Armor Level 1, Zerg Missile Weapons Level 1  
  105  8:57  Zergling x2  
  105  8:58  Zergling x10  
  111  9:07  Hatchery  
  110  9:13  Zergling x2  
  111  9:17  Zergling x2  
  112  9:27  Infestation Pit  
  111  9:47  Hydralisk x7  
  125  10:06  Hatchery  
  76  10:21  Hydralisk x4  
  76  10:22  Hydralisk x3  
  84  10:36  Hydralisk x3  
  84  10:37  Hydralisk  
  82  10:49  Lurker x4  
  85  10:52  Drone x2  
  87  11:01  Roach  
  87  11:02  Roach x3  
  95  11:07  Zerg Missile Weapons Level 2  
  95  11:21  Hydralisk  
  95  11:22  Hydralisk x2  
  101  11:29  Ravager x2  
  101  11:31  Ravager x2  
  62  12:07  Hydralisk  
  62  12:08  Hydralisk x8  
  47  12:15  Pneumatized Carapace  
  63  12:21  Drone  
  63  12:22  Drone x2  
  66  12:23  Drone  
  66  12:29  Zergling x2  
  68  12:30  Zergling x6  
  53  13:01  Hydralisk x9  
  67  13:08  Zergling x2  
  67  13:09  Zergling x4  
  70  13:15  Drone x2  
  72  13:28  Zergling x2  
  72  13:29  Zergling x14  
  72  13:33  Lurker x2  
  82  13:43  Zergling x2  
  82  13:44  Zergling x8  
Tags
 
Add a new tag
Caveats
  • Supply blocks, unpowered buildings, or Contaminate may cause inaccurate times.
  • Supply counts are checked every 10 seconds.